[Event "Marienbad Open-B1 2019"]
[Site "Marianske Lazne"]
[Date "2019.01.23"]
[Round "6"]
[White "Voinikonis, Nikita"]
[Black "Baum, Jonasz"]
[Result "0-1"]
[ECO "D36"]
[WhiteElo "2163"]
[BlackElo "2302"]
[Annotator "NA"]
[PlyCount "100"]
[EventDate "2019.01.17"]
[EventType "tourn"]
[EventCountry "CZE"]
[SourceTitle "playchess.com"]
[Source "ChessBase"]
[SourceQuality "1"]
[TimeControl "40/5400+30:1800+30"]

1. d4 d5 2. c4 e6 3. Nc3 Nf6 4. cxd5 exd5 5. Bg5 Nbd7 6. e3 c6 7. Bd3 Be7 8. Nge2 Nh5 9. Bxe7 Qxe7 10. Qc2 g6 11. O-O Ndf6 12. Rab1 O-O 13. Na4 Ng7 14. Qc5 Qc7 15. b4 Ne6 16. Qc2 Ng4 17. Ng3 h5 18. Rfe1 Nxh2 19. Kxh2 h4 20. e4 hxg3+ 21. fxg3 Nxd4 22. Qc3 dxe4 23. Rxe4 Nf5 24. Rf4 Nxg3 25. Kxg3 g5 26. Rbf1 gxf4+ 27. Rxf4 f6 28. Qc4+ Kg7 29. Nc5 Qe5 30. Kf2 f5 31. Rh4 b6 32. Qc1 Qf6 33. Qh1 bxc5 34. Rh7+ Kg8 35. Bc4+ Be6 36. Bxe6+ Qxe6 37. Rh8+ Kf7 38. Rh7+ Ke8 39. Qh5+ Kd8 40. Qg5+ Qf6 41. Qxf6+ Rxf6 42. Rh8+ Kc7 43. Rxa8 Kb7 44. Re8 cxb4 45. Kf3 a5 46. Kf4 Rg6 47. Re2 Rf6 48. Re8 Rf7 49. Rg8 Kb6 50. Ke5 f4 0-1

[Event "Marienbad Open-B1 2019"]
[Site "Marianske Lazne"]
[Date "2019.01.23"]
[Round "6"]
[White "Patil, Mitali"]
[Black "Florstedt, Johannes"]
[Result "0-1"]
[ECO "B22"]
[WhiteElo "2062"]
[BlackElo "2320"]
[Annotator "NA"]
[PlyCount "102"]
[EventDate "2019.01.17"]
[EventType "tourn"]
[EventCountry "CZE"]
[SourceTitle "playchess.com"]
[Source "ChessBase"]
[SourceQuality "1"]
[TimeControl "40/5400+30:1800+30"]

1. e4 c5 2. c3 Nf6 3. e5 Nd5 4. d4 cxd4 5. Qxd4 e6 6. Nf3 Nc6 7. Qe4 f5 8. Qe2 b5 9. g3 a5 10. Bg2 Be7 11. O-O O-O 12. Nd4 Nxd4 13. cxd4 Bb7 14. Nc3 Nxc3 15. bxc3 Bxg2 16. Kxg2 Qb6 17. Be3 Qc6+ 18. Kg1 Rab8 19. Rab1 Rfc8 20. Rb2 Qd5 21. Rfb1 Rc4 22. f3 Ba3 23. Rb3 Bf8 24. Kf2 a4 25. R3b2 Ba3 26. Rc2 Rbc8 27. Bc1 Rxc3 28. Rxc3 Rxc3 29. Rxb5 Qc6 30. Bxa3 Rc2 31. Rb8+ Kf7 32. Bc5 Rxe2+ 33. Kxe2 Qa6+ 34. Kf2 Qc4 35. a3 Qc2+ 36. Kg1 Qd1+ 37. Kf2 Qd2+ 38. Kg1 Qe1+ 39. Kg2 Qe2+ 40. Kg1 Qxf3 41. Rd8 Qd5 42. Rb8 Kg6 43. Rb4 Qf3 44. Rb6 Kh5 45. Rb2 Kg4 46. Rf2 Qe3 47. Kg2 Qe4+ 48. Kf1 g5 49. Kg1 h5 50. h4 Kxg3 51. hxg5 Qe3 0-1

[Event "Marienbad Open-B1 2019"]
[Site "Marianske Lazne"]
[Date "2019.01.24"]
[Round "7"]
[White "Florstedt, Johannes"]
[Black "Sernecki, Franciszek"]
[Result "1/2-1/2"]
[ECO "B36"]
[WhiteElo "2320"]
[BlackElo "2278"]
[Annotator "NA"]
[PlyCount "78"]
[EventDate "2019.01.17"]
[EventType "tourn"]
[EventCountry "CZE"]
[SourceTitle "playchess.com"]
[Source "ChessBase"]
[SourceQuality "1"]
[TimeControl "40/5400+30:1800+30"]

1. e4 c5 2. Nf3 Nc6 3. d4 cxd4 4. Nxd4 g6 5. c4 Nf6 6. Nc3 Nxd4 7. Qxd4 d6 8. Be3 Bg7 9. f3 O-O 10. Qd2 a5 11. Na4 Nd7 12. O-O-O Qc7 13. Kb1 Nc5 14. Nxc5 dxc5 15. Qd5 Bd4 16. Bxd4 Rd8 17. Qg5 Rxd4 18. Rxd4 cxd4 19. h4 Be6 20. h5 f6 21. Qd2 g5 22. Bd3 Rc8 23. Rc1 b6 24. e5 Qxe5 25. Re1 Qd6 26. Qc2 Bf7 27. Bxh7+ Kh8 28. b3 Rxc4 29. Qe4 Rc7 30. Bg6 e5 31. Qa8+ Kg7 32. Bf5 Bxh5 33. Rh1 d3 34. Rxh5 Rc1+ 35. Kxc1 Qc5+ 36. Kb2 Qc2+ 37. Ka3 Qc5+ 38. Kb2 Qc2+ 39. Ka3 Qc5+ 1/2-1/2

[Event "Marienbad Open-B1 2019"]
[Site "Marianske Lazne"]
[Date "2019.01.24"]
[Round "7"]
[White "Kornitzky, Tino"]
[Black "Patil, Mitali"]
[Result "0-1"]
[ECO "E92"]
[WhiteElo "2133"]
[BlackElo "2062"]
[Annotator "NA"]
[PlyCount "64"]
[EventDate "2019.01.17"]
[EventType "tourn"]
[EventCountry "CZE"]
[SourceTitle "playchess.com"]
[Source "ChessBase"]
[SourceQuality "1"]
[TimeControl "40/5400+30:1800+30"]

1. d4 Nf6 2. c4 g6 3. Nc3 Bg7 4. e4 d6 5. Nf3 O-O 6. Be2 e5 7. d5 a5 8. Bg5 h6 9. Be3 Ng4 10. Bd2 f5 11. h3 Nf6 12. exf5 gxf5 13. Qc1 f4 14. g3 Nh5 15. g4 Nf6 16. Qc2 Na6 17. a3 Nc5 18. g5 hxg5 19. Nxg5 Qe8 20. O-O-O a4 21. Kb1 Nb3 22. Ka2 Nd4 23. Qb1 Nxe2 24. Nxe2 Qh5 25. Rhg1 Qxe2 26. Ne6 Bxe6 27. Qg6 Bg4 28. hxg4 Qxc4+ 29. Ka1 Qe4 30. Qg5 Kf7 31. f3 Qg6 32. Qh4 Nxd5 0-1

[Event "Marienbad Open-B1 2019"]
[Site "Marianske Lazne"]
[Date "2019.01.25"]
[Round "8"]
[White "Florstedt, Johannes"]
[Black "Kornitzky, Tino"]
[Result "1-0"]
[ECO "C45"]
[WhiteElo "2320"]
[BlackElo "2133"]
[Annotator "NA"]
[PlyCount "47"]
[EventDate "2019.01.17"]
[EventType "tourn"]
[EventCountry "CZE"]
[SourceTitle "playchess.com"]
[Source "ChessBase"]
[SourceQuality "1"]
[TimeControl "40/5400+30:1800+30"]

1. e4 e5 2. Nf3 Nc6 3. d4 exd4 4. Nxd4 Bc5 5. Nb3 Bb4+ 6. Bd2 a5 7. a4 Nf6 8. Bd3 d5 9. exd5 Qxd5 10. O-O Bxd2 11. Qxd2 O-O 12. Nc3 Qh5 13. Qf4 Ne5 14. Be2 Qf5 15. Qxf5 Bxf5 16. Nd4 Bg6 17. f4 Nc6 18. Nxc6 bxc6 19. f5 Bh5 20. Bc4 Nd5 21. Bxd5 cxd5 22. Nxd5 Be2 23. Rfe1 Bg4 24. h3 1-0

[Event "Marienbad Open-B1 2019"]
[Site "Marianske Lazne"]
[Date "2019.01.25"]
[Round "8"]
[White "Sernecki, Franciszek"]
[Black "Jasny, Stanislav"]
[Result "1/2-1/2"]
[ECO "E97"]
[WhiteElo "2278"]
[BlackElo "2365"]
[Annotator "NA"]
[PlyCount "33"]
[EventDate "2019.01.17"]
[EventType "tourn"]
[EventCountry "CZE"]
[SourceTitle "playchess.com"]
[Source "ChessBase"]
[SourceQuality "1"]
[TimeControl "40/5400+30:1800+30"]

1. d4 Nf6 2. Nf3 g6 3. c4 Bg7 4. Nc3 d6 5. e4 O-O 6. Be2 e5 7. dxe5 dxe5 8. O-O Nc6 9. Bg5 Qxd1 10. Rfxd1 Bg4 11. h3 Bxf3 12. Bxf3 Nd4 13. Nd5 Nxd5 14. cxd5 c6 15. dxc6 bxc6 16. Be3 Rfb8 17. b3 1/2-1/2

[Event "Marienbad Open-B1 2019"]
[Site "Marianske Lazne"]
[Date "2019.01.25"]
[Round "8"]
[White "Voinikonis, Nikita"]
[Black "Gorbatov, Alexej"]
[Result "1-0"]
[ECO "B28"]
[WhiteElo "2163"]
[BlackElo "2389"]
[Annotator "NA"]
[PlyCount "67"]
[EventDate "2019.01.17"]
[EventType "tourn"]
[EventCountry "CZE"]
[SourceTitle "playchess.com"]
[Source "ChessBase"]
[SourceQuality "1"]
[TimeControl "40/5400+30:1800+30"]

1. e4 c5 2. Nf3 a6 3. c4 Nc6 4. d4 cxd4 5. Nxd4 Nf6 6. Nc3 e5 7. Nf5 d5 8. cxd5 Bxf5 9. exf5 Nd4 10. Bd3 Be7 11. O-O O-O 12. Re1 Nxd5 13. Be4 Nxc3 14. bxc3 Nc6 15. Be3 Rc8 16. Qh5 Bf6 17. g4 g6 18. Qh6 Bg7 19. Qh3 Ne7 20. Rad1 Qc7 21. Qf3 gxf5 22. gxf5 Bf6 23. Kh1 Kh8 24. Qh5 Qc4 25. Bh6 Rfd8 26. Bg5 Ng8 27. Bxf6+ Nxf6 28. Qh4 Kg7 29. Rxd8 Rxd8 30. Qg5+ Kf8 31. Qxf6 Rd1 32. Qh8+ Ke7 33. Qxe5+ Kf8 34. Rxd1 1-0

[Event "Marienbad Open-B1 2019"]
[Site "Marianske Lazne"]
[Date "2019.01.25"]
[Round "8"]
[White "Patil, Mitali"]
[Black "Baum, Jonasz"]
[Result "0-1"]
[ECO "B50"]
[WhiteElo "2062"]
[BlackElo "2302"]
[Annotator "NA"]
[PlyCount "80"]
[EventDate "2019.01.17"]
[EventType "tourn"]
[EventCountry "CZE"]
[SourceTitle "playchess.com"]
[Source "ChessBase"]
[SourceQuality "1"]
[TimeControl "40/5400+30:1800+30"]

1. e4 c5 2. Nf3 d6 3. c3 Nf6 4. h3 e6 5. Bd3 Nbd7 6. Bc2 b6 7. O-O Qc7 8. d4 Be7 9. Re1 e5 10. dxe5 dxe5 11. Nbd2 Bb7 12. Nf1 O-O-O 13. Qe2 Ne8 14. Bb3 Nd6 15. Bd5 Bxd5 16. exd5 e4 17. Ng5 Bxg5 18. Bxg5 Rde8 19. Nd2 f5 20. f3 Nf7 21. Qe3 exf3 22. Qxe8+ Rxe8 23. Rxe8+ Kb7 24. Nxf3 Nxg5 25. Nxg5 Nf6 26. Ne6 Qg3 27. Re7+ Ka6 28. Rd1 Ne4 29. Rxg7 Qe3+ 30. Kh2 Qe2 31. d6 Nxd6 32. Rd7 Qxd1 33. b4 Kb5 34. bxc5 bxc5 35. a4+ Kxa4 36. Nxc5+ Kb5 37. Nb7 Kc6 38. Rxd6+ Qxd6+ 39. Nxd6 Kxd6 40. Kg3 a5 0-1

[Event "Marienbad Open-B1 2019"]
[Site "Marianske Lazne"]
[Date "2019.01.26"]
[Round "9"]
[White "Gorbatov, Alexej"]
[Black "Mica, Marek"]
[Result "1/2-1/2"]
[ECO "A00"]
[WhiteElo "2389"]
[BlackElo "2212"]
[Annotator "NA"]
[PlyCount "125"]
[EventDate "2019.01.17"]
[EventType "tourn"]
[EventCountry "CZE"]
[SourceTitle "playchess.com"]
[Source "ChessBase"]
[SourceQuality "1"]
[TimeControl "40/5400+30:1800+30"]

1. Nh3 Nf6 2. g3 d5 3. d4 e6 4. Bg2 c5 5. dxc5 Bxc5 6. Nf4 Nc6 7. a3 a5 8. Nc3 O-O 9. O-O Qe7 10. Nd3 Bb6 11. Rb1 Rd8 12. b4 axb4 13. axb4 Bd7 14. e4 Bd4 15. exd5 Bxc3 16. dxc6 Bxc6 17. Bxc6 bxc6 18. Rb3 Nd5 (18... Bxb4 $5 19. Qf3 (19. Rxb4 Rxd3 {[%mdl 64] Remove Defender} 20. Qxd3 Qxb4 $15) 19... c5 $15) 19. Bd2 Ra1 20. Qe2 Rxf1+ 21. Kxf1 Bxd2 22. Qxd2 e5 23. Qe1 e4 24. Nc5 f5 25. Kg2 Nb6 26. Qe2 Ra8 27. f3 exf3+ 28. Kxf3 Qxe2+ 29. Kxe2 Re8+ 30. Kf3 Nc4 31. Rc3 Nd2+ 32. Kf4 g6 33. h4 Kf7 34. Rd3 Ne4 35. Nd7 Ke6 36. Ne5 c5 37. b5 Rb8 38. c4 Nd6 39. Re3 Ne4 40. Ra3 Nd6 41. Ra6 Rc8 42. Nf7 Kxf7 43. Rxd6 Re8 $1 44. Kg5 Re4 45. Rd7+ Ke6 46. Rxh7 Rxc4 47. b6 Rg4+ 48. Kh6 Rxg3 49. b7 Rb3 50. Kxg6 f4 51. Rc7 Kd6 52. Rf7 Kc6 53. h5 Rxb7 54. Rxf4 Kd5 55. h6 c4 56. Rh4 c3 57. h7 Rxh7 58. Rxh7 Kd4 59. Kf5 c2 60. Rc7 Kd3 61. Kf4 Kd2 62. Rd7+ Ke2 $11 63. Ke4 1/2-1/2

[Event "Marienbad Open-B1 2019"]
[Site "Marianske Lazne"]
[Date "2019.01.26"]
[Round "9"]
[White "Jasny, Stanislav"]
[Black "Voinikonis, Nikita"]
[Result "1/2-1/2"]
[ECO "C42"]
[WhiteElo "2365"]
[BlackElo "2163"]
[Annotator "NA"]
[PlyCount "66"]
[EventDate "2019.01.17"]
[EventType "tourn"]
[EventCountry "CZE"]
[SourceTitle "playchess.com"]
[Source "ChessBase"]
[SourceQuality "1"]
[TimeControl "40/5400+30:1800+30"]

1. e4 e5 2. Nf3 Nf6 3. Nxe5 d6 4. Nf3 Nxe4 5. Qe2 Qe7 6. d3 Nf6 7. Bg5 Nbd7 8. Nc3 Qxe2+ 9. Bxe2 h6 10. Bh4 ({Better is} 10. Bd2 $14) 10... g5 11. Bg3 Nh5 12. Nd5 Kd8 $1 {[%emt 0:04:06] LiveBook: 3 Games C42: Petroff Defence: 3 Nxe5 and unusual White 3rd moves} 13. Ne5 (13. h4 g4 14. Nd2 Nb6 15. Nf4 Nxg3 16. fxg3 Bg7 17. O-O-O Re8 18. Rde1 Bd4 19. Rhf1 Be3 20. Nh5 {½-½ (45) Reinderman,D (2542)-Kasimdzhanov,R (2595) Wijk aan Zee 1999}) 13... dxe5 14. Bxh5 f5 15. f3 c6 16. Nc3 Bc5 $146 ({Predecessor:} 16... Bg7 17. O-O-O f4 18. Bf2 Ke7 19. Rhe1 c5 20. Bg6 {1-0 (47) Pavlovic,R (2146)-Rajcevic,S (2176) Belgrade 2008}) 17. Bf7 Ke7 18. Bb3 h5 19. Bf2 Bxf2+ 20. Kxf2 Nc5 21. Na4 Nxa4 22. Bxa4 a5 23. c3 Be6 24. Bb3 Rhd8 25. Bxe6 Kxe6 26. Ke3 a4 27. Rad1 h4 28. Rd2 Ra5 29. Rhd1 Rb5 30. Re2 Rbd5 31. Red2 Rb5 $11 (31... f4+ $17 32. Ke2 R5d7) 32. Rc1 Rbd5 33. Rcd1 b6 1/2-1/2

[Event "Marienbad Open-B1 2019"]
[Site "Marianske Lazne"]
[Date "2019.01.26"]
[Round "9"]
[White "Baum, Jonasz"]
[Black "Florstedt, Johannes"]
[Result "0-1"]
[ECO "D70"]
[WhiteElo "2302"]
[BlackElo "2320"]
[Annotator "NA"]
[PlyCount "56"]
[EventDate "2019.01.17"]
[EventType "tourn"]
[EventCountry "CZE"]
[SourceTitle "playchess.com"]
[Source "ChessBase"]
[SourceQuality "1"]
[TimeControl "40/5400+30:1800+30"]

1. d4 Nf6 2. c4 g6 3. Nf3 Bg7 4. g3 O-O 5. Bg2 c6 6. O-O d5 7. Nbd2 Bf5 8. b3 Ne4 9. Bb2 Qa5 10. a3 Nd7 {[%emt 0:00:11] D78: Fianchetto Grünfeld: 6 0-0 c6} 11. b4 {[%emt 0:00:44] LiveBook: 20 Games} Qa6 12. Nxe4 $146 ({Predecessor:} 12. Rc1 Nb6 13. c5 Na4 14. Ba1 Qb5 15. Nb3 b6 16. e3 a5 17. Re1 bxc5 18. bxc5 {0-1 (30) Ladva,O (2498)-Shirov,A (2637) Viljandi 2018}) 12... Bxe4 13. c5 b6 14. Bh3 Bxf3 15. exf3 e6 16. Qd2 bxc5 17. bxc5 Rab8 18. Rfb1 Qa4 19. Bc3 Rxb1+ 20. Rxb1 Qxa3 21. Ra1 Qb3 22. Rxa7 Nxc5 23. Bb4 (23. Bf1 $17 {keeps fighting.} Qb6 24. Qa2) 23... Qb1+ 24. Kg2 Nd3 25. Bc3 $2 (25. Bxf8 Bxf8 26. Qa2) 25... Bxd4 26. Bxe6 $19 (26. Ra1 Bxc3 27. Qxc3) 26... Bxa7 27. Bf5 Ne1+ 28. Qxe1 Qxe1 0-1

[Event "Marienbad Open-B1 2019"]
[Site "Marianske Lazne"]
[Date "2019.01.26"]
[Round "9"]
[White "Kornitzky, Tino"]
[Black "Sernecki, Franciszek"]
[Result "1/2-1/2"]
[ECO "E04"]
[WhiteElo "2133"]
[BlackElo "2278"]
[Annotator "NA"]
[PlyCount "45"]
[EventDate "2019.01.17"]
[EventType "tourn"]
[EventCountry "CZE"]
[SourceTitle "playchess.com"]
[Source "ChessBase"]
[SourceQuality "1"]
[TimeControl "40/5400+30:1800+30"]

1. d4 d5 2. c4 e6 3. g3 Nf6 4. Bg2 dxc4 5. Nf3 c5 6. O-O Nc6 7. Qa4 Bd7 8. Qxc4 cxd4 9. Nxd4 Rc8 10. Nc3 Nxd4 11. Qxd4 Bc5 12. Qh4 h6 {[%emt 0:00:12] E04: Open Catalan: 5 Nf3} 13. Bxb7 Rb8 14. Bf3 (14. Ne4 Be7 15. Ba6 O-O 16. Rd1 Nd5 17. Qh5 Bc6 18. Bc4 Qc8 19. b3 f5 20. Nd2 {1-0 (64) Ding,L (2816)-Wojtaszek,R (2749) Shenzhen 2018}) 14... Rb4 15. Qh3 e5 16. Qg2 Qc8 {[%emt 0:04:00] LiveBook: 3 Games} 17. Rd1 O-O 18. a3 Bh3 $146 ({Predecessor:} 18... Rb6 19. e3 Bh3 20. Qh1 {0-1 (31) Vantika,A (1842)-Azimova,K (2063) Pune 2014}) 19. Qh1 Rb3 20. Ne4 Nxe4 21. Bxe4 Bd4 (21... Qg4 $5 22. Bf3 Qc4 $15) 22. Bd3 Qg4 (22... Kh8 $11) 23. Qe4 $14 1/2-1/2